 Dungeon Crawl Stone Soup version 0.31.0-12-g77e489cdc1 (webtiles) character file.

Game seed: 11575016393216182943

25593 sking99 the Grappler (level 12, -4/93 HPs)
             Began as a Green Draconian Shapeshifter on Feb 26, 2024.
             Was an Elder of Hepliaklqana.
             Slain by a black mamba (12 damage)
             ... on level 1 of the Lair of Beasts on Feb 27, 2024.
             The game lasted 00:21:42 (13023 turns).

sking99 the Grappler (DrSh)                        Turns: 13023, Time: 00:21:42

Health: -4/93      AC:  8    Str: 26    XL:     12   Next: 90%
Magic:  16/16      EV: 12    Int: 12    God:    Hepliaklqana [****..]
Gold:   694        SH:  0    Dex: 11    Spells: 11/11 levels left

rFire   . .          .
                       - Unarmed
rCold   . . .        (no shield)
rNeg    + . .        (body armour unavailable)
rPois   +            (helmet currently unavailable)
rElec   .            (cloak currently unavailable)
rCorr   .            (gloves currently unavailable)
SInv    .            (boots currently unavailable)
Will    .....        q - amulet of the acrobat
Stlth   +            s - ring of positive energy
HPRegen 0.35/turn    y - +6 ring of strength
MPRegen 0.15/turn

%: acrobat
@: beast-form
A: beast (slay +4), reduced essence, breathe noxious fumes, AC +8, unfitting
armour, poison resistance, cold-blooded
a: Breathe Noxious Fumes, Begin Untransformation, Renounce Religion, Recall
Ancestor, Ancestor Identity, Transference, Idealise


You were on level 1 of the Lair of Beasts.
You worshipped Hepliaklqana.
Hepliaklqana was greatly pleased with you.
You were a hulking beast.
You visited 3 branches of the dungeon, and saw 13 of its levels.

You collected 694 gold pieces.

Inventory:

Armour
 A - a +1 cloak
Jewellery
 q - an amulet of the acrobat (around neck)
 s - a ring of positive energy (left hand)
 y - a +6 ring of strength (right hand)
 B - a +6 ring of intelligence
 E - a ring of magical power
Talismans
 a - a maw talisman
 b - a beast talisman (active)
 c - a flux talisman
Wands
 w - a wand of roots (4)
 z - a wand of quicksilver (14)
 C - a wand of mindburst (10)
 I - a wand of flame (1)
Scrolls
 d - 5 scrolls of noise
 e - a scroll of fear
 f - 4 scrolls of teleportation
 g - 3 scrolls of vulnerability
 h - 2 scrolls of immolation
 j - 3 scrolls of revelation
 m - 3 scrolls of amnesia
 o - 5 scrolls of fog
 t - a scroll of enchant armour
 u - a scroll of enchant weapon
 D - a scroll of torment
Potions
 i - 2 potions of magic
 k - 2 potions of haste
 l - a potion of heal wounds {unknown}
 n - 5 potions of curing
 p - 2 potions of attraction
 r - a potion of invisibility {unknown}
 v - 3 potions of berserk rage
 x - 2 potions of resistance
 F - a potion of brilliance {unknown}
 G - a potion of mutation
 H - 3 potions of degeneration {unknown}


   Skills:
 - Level 9.3 Fighting
 - Level 1.7 Dodging
 * Level 14.1 Unarmed Combat
 + Level 5.3 Invocations
 + Level 12.0 Shapeshifting


You had 11 spell levels left.
You didn't know any spells.
Your spell library contained the following spells:

 Spells                   Type           Power      Damage    Failure   Level
 Blink                    Tloc           0%         N/A       45%         2
 Lesser Beckoning         Tloc           0%         N/A       45%         2
 Momentum Strike          Conj/Tloc      0%         3d8       45%         2
 Dazzling Flash           Conj/Hex       0%         N/A       69%         3
 Mephitic Cloud           Conj/Alch/Air  0%         N/A       69%         3
 Ozocubu's Armour         Ice            0%         N/A       69%         3
 Curse of Agony           Necr           0%         N/A       100%        5
 Metabolic Englaciation   Hex/Ice        0%         N/A       100%        5
 Silence                  Hex/Air        0%         N/A       100%        5
 Summon Forest            Summ/Tloc      0%         N/A       100%        5
 Eringya's Noxious Bog    Alch           0%         4d6       100%        6
 Sculpt Simulacrum        Ice/Alch       0%         N/A       100%        6
 Summon Hydra             Summ           0%         N/A       100%        7


Dungeon Overview and Level Annotations

Branches:
Dungeon (10/15)            Temple (1/1) D:7            Lair (2/5) D:8
 Shoals (0/4) Lair:2        Snake (0/4) Lair:2          Orc (0/2) D:10

Altars:
Ashenzari
Cheibriados
Dithmenos
Elyvilon
Fedhas
Gozag
Hepliaklqana
Kikubaaqudgha
Makhleb
Nemelex Xobeh
Okawaru
Qazlal
Ru
Sif Muna
Trog
Uskayaw
Vehumet
Wu Jian
Xom
Yredelemnul
Zin
The Shining One

Shops:
D:4 (   D:8 [

Annotations:
D:7 3 runed translucent doors, Yehuk's ghost, novice GrMo
D:9 2 transporters, phunky83's ghost, journeyman OpFi
Temple 2 transporters
Lair:2 Urug


Innate Abilities, Weirdness & Mutations

You are a hulking beast.
Your limbs bulge with bestial killing power. (Slay +4)
Your life essence is reduced to manifest your ancestor. (-10% HP)
You can breathe blasts of noxious fumes.
Your lurid green scales are hard. (AC +8)
You cannot fit into any form of body armour.
Your system is resistant to poisons. (rPois)
You are cold-blooded and may be slowed by cold attacks.


Message History

You pummel Nergalle!! You tail-slap Nergalle.
Nergalle is almost dead.
Ammiditana hits Nergalle but does no damage.
Ammiditana drains Nergalle.
Nergalle completely misses you.
You barely miss Nergalle. You punch Nergalle.
You kill Nergalle!
Ammiditana points at Urug and mumbles some strange words.
Urug easily resists.
Urug throws a javelin.
The javelin closely misses you.
Ammiditana gestures at Urug while chanting.
Urug easily resists.
The javelin pierces through Ammiditana!
A javelin appears from out of your range of vision.
You have got your breath back.
A javelin appears from out of your range of vision.
The javelin pierces through Ammiditana!!
Ammiditana is destroyed!
A black mamba comes into view.
The black mamba closely misses you.
The black mamba bites you but does no damage.
There is a stone staircase leading up here.
The black mamba bites you.
* * * LOW HITPOINT WARNING * * *
The black mamba misses you.
You climb upwards.
There is a stone staircase leading down here.
You hit the black mamba.
The black mamba is lightly wounded.
The black mamba bites you.
* * * LOW HITPOINT WARNING * * *
You miss the black mamba.
The black mamba is lightly wounded.
The black mamba bites you!
* * * LOW HITPOINT WARNING * * *
You barely miss the black mamba.
The black mamba is lightly wounded.
The black mamba bites you.
* * * LOW HITPOINT WARNING * * *
The black mamba bites you!
You die...

# ####### ###
###################.#...####P####
.................................
##...............................
.P.....#.######..S.##...#.#......
.......########.h..###..####...).
.#.....# #.#.##....##.....##.....
.......# #.........##......#.....
.#.....###..###....##.....#......
.......##..####....#......##.....
.......P#.~~~.............##.....
......P.~.~≈≈~~~~..#########.....
.........~~~≈≈≈~~..#..P#.###.....
#.......~~≈≈≈≈≈~~................


You could see a black mamba.

Vanquished Creatures
  Erolcha (D:9)
  Nergalle (Lair:2)
  An arcanist (D:10)
  Pikel (D:5)
  A manticore (D:10)
  A cane toad (Lair:1)
  3 komodo dragons
  2 trolls
  Psyche (D:8)
  A hornet (D:9)
  3 basilisks
  A wraith (D:10)
  17 yaks
  A steam dragon (D:9)
  2 nagas (Lair:2)
  An acid dragon (D:9)
  10 water moccasins
  An ice beast (D:8)
  2 black bears
  5 orc warriors
  3 ogres
  9 wolves (Lair:1)
  2 centaurs
  A bullfrog (Lair:1)
  2 scorpions
  9 wights (D:8)
  2 killer bees (D:9)
  A vampire bat (Lair:1)
  3 howler monkeys (D:10)
  A hound (D:6)
  2 bombardier beetles
  A sleepcap (D:5)
  7 orc priests
  2 jellies
  Crazy Yiuf (D:6)
  6 iguanas
  12 orc wizards
  3 hell rats (Lair:1)
  3 gnolls (D:5)
  9 adders
  A shadow imp (D:6)
  4 white imps
  4 ufetubi (D:5)
  3 dart slugs
  2 ribbon worms
  27 orcs
  8 ball pythons
  7 endoplasms
  3 giant cockroaches
  4 hobgoblins
  4 quokkas
  9 bats
  2 frilled lizards
  9 goblins
  7 kobolds
  5 rats
234 creatures vanquished.

Vanquished Creatures (collateral kills)
  Sonja (Lair:2)
  A vampire (D:9)
  Sigmund (D:6)
  4 yaks
  A steam dragon (D:9)
  2 nagas (Lair:2)
  An acid dragon (D:10)
  A water moccasin (Lair:1)
  An orc warrior (D:9)
  A wolf (Lair:1)
  A centaur (Lair:2)
  An ogre (D:5)
  A bullfrog (Lair:2)
  A scorpion (D:5)
  A wight (D:8)
  2 killer bees (D:9)
  4 hell rats (Lair:1)
  An orc wizard (D:9)
  A gnoll (D:5)
  12 orcs
  A bat (Lair:1)
40 creatures vanquished.

Vanquished Creatures (others)
  4 hexers
  2 ancestors
6 creatures vanquished.

Grand Total: 280 creatures vanquished

Notes
Turn   | Place    | Note
-------+----------+-------------------------------------------
     0 | D:1      | sking99 the Draconian Shapeshifter began the quest for the
                  | Orb.
     0 | D:1      | Reached XP level 1. HP: 16/16 MP: 1/1
   153 | D:1      | Reached XP level 2. HP: 22/23 MP: 2/2
   632 | D:1      | You fall into a shaft and drop 1 floor!
  1011 | D:2      | Reached XP level 3. HP: 29/29 MP: 3/3
  1334 | D:2      | Found a basalt altar of Yredelemnul.
  1498 | D:2      | Reached skill level 4 in Unarmed Combat
  1674 | D:2      | Reached XP level 4. HP: 36/36 MP: 4/4
  2191 | D:3      | Reached XP level 5. HP: 8/42 MP: 5/5
  2610 | D:3      | Found a hazy altar of Hepliaklqana.
  2754 | D:3      | Became a worshipper of Hepliaklqana the Forgotten
  3074 | D:4      | Found a shadowy altar of Dithmenos.
  3109 | D:4      | Found a white marble altar of Elyvilon.
  3159 | D:4      | Found Wyegef's Weapon Emporium.
  3282 | D:4      | Reached skill level 5 in Unarmed Combat
  3463 | D:4      | Noticed an orc warrior
  3489 | D:4      | Killed an orc warrior
  3490 | D:4      | Reached XP level 6. HP: 51/51 MP: 6/6
  3926 | D:5      | Entered Level 5 of the Dungeon
  3988 | D:5      | Reached skill level 6 in Unarmed Combat
  4036 | D:5      | Your scales start taking on a lurid green colour.
  4036 | D:5      | Reached XP level 7. HP: 54/59 MP: 7/7
  4036 | D:5      | Gained mutation: Your system is resistant to poisons.
                  | (rPois) [Green Draconian growth]
  4442 | D:5      | Reached * piety under Hepliaklqana
  4535 | D:5      | Reached skill level 5 in Shapeshifting
  4538 | D:5      | Reached skill level 7 in Unarmed Combat
  4614 | D:5      | Noticed Pikel
  4634 | D:5      | Killed Pikel
  4635 | D:5      | Reached skill level 5 in Fighting
  4635 | D:5      | Reached XP level 8. HP: 51/62 MP: 8/8
  4733 | D:5      | Reached skill level 8 in Unarmed Combat
  5147 | D:6      | Noticed Sigmund
  5331 | D:6      | Found a runed translucent door.
  5332 | D:6      | Noticed Crazy Yiuf
  5736 | D:6      | Killed Sigmund
  5737 | D:6      | Reached XP level 9. HP: 70/70 MP: 9/9
  5817 | D:6      | Killed Crazy Yiuf
  5878 | D:7      | Reached skill level 9 in Unarmed Combat
  5952 | D:7      | Found a staircase to the Ecumenical Temple.
  6006 | Temple   | Found a transporter.
  6006 | Temple   | Found a transporter.
  6006 | Temple   | Found a transporter.
  6006 | Temple   | Found a transporter.
  6006 | Temple   | Entered the Ecumenical Temple
  6201 | D:7      | Found a runed translucent gate.
  6204 | D:7      | Found a runed translucent gate.
  6204 | D:7      | Found a runed translucent gate.
  6216 | D:7      | Identified the +7 plate armour of Slovenliness {rC++ MP-9
                  | Str+2 SInv}
  6217 | D:7      | Reached ** piety under Hepliaklqana
  6218 | D:7      | Noticed Yehuk's ghost (novice GrMo)
  6225 | D:7      | Remembered your ancestor Ammiditana as a hexer
  7109 | D:8      | Reached skill level 10 in Unarmed Combat
  7473 | D:8      | Found a radiant altar of Vehumet.
  7693 | D:8      | Noticed Psyche
  7699 | D:8      | Killed Psyche
  7700 | D:8      | Reached XP level 10. HP: 79/79 MP: 10/10
  7706 | D:8      | Found Cheibriados's Comfort Zone.
  7707 | D:8      | Found a snail-covered altar of Cheibriados.
  7936 | D:8      | Found a staircase to the Lair.
  8172 | D:9      | Noticed Erolcha
  8178 | D:9      | Killed Erolcha
  8179 | D:9      | Reached skill level 11 in Unarmed Combat
  8201 | D:9      | Found a transporter.
  8211 | D:9      | Found a bloodstained altar of Trog.
  8211 | D:9      | Noticed phunky83's ghost (journeyman OpFi)
  8211 | D:9      | Noticed a moth of wrath
  8216 | D:9      | Noticed a two-headed ogre
  8228 | D:9      | Noticed a deep troll
  8468 | D:9      | Found a transporter.
  8939 | D:9      | Reached *** piety under Hepliaklqana
  8943 | D:9      | Paralysed by a hornet for 1 turns
  9829 | D:10     | Entered Level 10 of the Dungeon
  9838 | D:10     | Reached skill level 12 in Unarmed Combat
 10177 | D:10     | Found a burning altar of Makhleb.
 10201 | D:10     | Reached XP level 11. HP: 77/87 MP: 11/11
 10206 | D:10     | Reached skill level 1 in Invocations
 10262 | D:10     | Noticed an arcanist
 10267 | D:10     | Killed an arcanist
 10777 | D:10     | Found a staircase to the Orcish Mines.
 10984 | Lair:1   | Entered Level 1 of the Lair of Beasts
 11339 | Lair:1   | Reached skill level 13 in Unarmed Combat
 11508 | Lair:1   | Found a shadowy altar of Dithmenos.
 11508 | Lair:1   | Reached **** piety under Hepliaklqana
 12396 | Lair:2   | Reached XP level 12. HP: 37/93 MP: 12/15
 12571 | Lair:2   | Found a staircase to the Snake Pit.
 12773 | Lair:2   | Noticed Sonja
 12783 | Lair:2   | Killed Sonja
 12899 | Lair:2   | Reached skill level 5 in Invocations
 12912 | Lair:2   | Reached skill level 14 in Unarmed Combat
 12975 | Lair:2   | Noticed Nergalle
 12976 | Lair:2   | Found a staircase to the Shoals.
 12978 | Lair:2   | Noticed Urug
 12994 | Lair:2   | Killed Nergalle
 13023 | Lair:1   | Slain by a black mamba

Illustrated notes

Levels and vault maps discovered:
D:1:      sevenhm_arrival_forest_fort_small_6, layout_basic, st_stairs_4,
          hex_intersection, minmay_misc_feat_rugged
D:2:      kennysheep_six_static_rooms, layout_basic, basic_altar
D:3:      layout_basic, worldfamousw_hep_ancestral_shrine
D:4:      layout_loops_ring, mainiacjoe_overflow_large_starburst, serial_shops,
          shop, minmay_misc_feat_columns
D:5:      layout_basic, minmay_checkerbox, uniq_pikel
D:6:      layout_gridville, uniq_sigmund, uniq_crazy_yiuf_cottage
D:7:      layout_basic, temple_fountains, biasface_ghost_orc_armoury
D:8:      layout_loops_corners, mainiacjoe_overflow_cross_hatched,
          lair_entry_dummy, minmay_shop_chei, uniq_psyche
D:9:      kennysheep_steamy, layout_basic, gammafunk_ghost_wrathful_warriors,
          kennysheep_pointless_box, uniq_erolcha
D:10:     layout_basic, mainiacjoe_overflow_alcove_4, serial_rivers,
          chequers_serial_rivers_room_b, chequers_serial_rivers_micro_c,
          chequers_serial_rivers_small_a, chequers_serial_rivers_small_3,
          chequers_serial_rivers_room_b
Temple:   hellmonk_temple_divided_pantheon
Lair:1:   layout_regular_city, basic_altar, roderic_batcave,
          beast_lair_carwin_1, infiniplex_staircase_pool_2
Lair:2:   layout_small_grid, minmay_shoals_entry_centaurs,
          minmay_snake_entry_guardpost_medium, grunt_megastairs_3,
          uniq_nergalle, uniq_urug, uniq_sonja, uniq_maggie, uniq_harold

Skill      XL: |  1  2  3  4  5  6  7  8  9 10 11 12 |
---------------+-------------------------------------+-----
Fighting       | 2 3 4 5 6 8 9 |  9.3
Unarmed Combat | 4 5 6 7 8 10 12 13 14 | 14.1
Shapeshifting  | 4 5 6 7 8 11 12 | 12.0
Invocations    | 4 5 |  5.3
Dodging        | |  1.7

Action                     |  1- 3 |  4- 6 |  7- 9 | 10-12 || total
---------------------------+-------+-------+-------+-------++-------
  Melee: Unarmed           |    92 |   146 |   203 |   243 ||   684
         Punch             |     1 |     1 |    14 |    25 ||    41
         Tailslap          |     8 |    14 |    31 |    28 ||    81
 Invoke: Ancestor Life: He |       |       |     1 |       ||     1
         Recall Ancestor   |       |       |       |     1 ||     1
Ability: Breathe Noxious F |       |       |     7 |     6 ||    13
         Begin Untransform |       |       |       |     1 ||     1
  Evoke: Wand              |       |       |       |     3 ||     3
    Use: Scroll            |       |    11 |       |    12 ||    23
         Potion            |       |     1 |     1 |     1 ||     3
   Stab: Sleeping          |     1 |       |       |       ||     1
         Confused          |       |       |     5 |     6 ||    11
         Distracted        |       |       |       |     1 ||     1
         Fleeing           |       |       |       |     1 ||     1
 Armour: Skin              |    34 |    90 |    78 |   172 ||   374
  Dodge: Dodged            |    53 |    67 |    84 |   160 ||   364
   Form: Beast             |     1 |       |       |     1 ||     2
